 Dungeon Crawl Stone Soup version 0.31.0-12-g77e489cdc1 (webtiles) character file.

Game seed: 7085915834139899207

4041 DildoBatman the Reanimator (level 10, -8/11 (77) HPs)
             Began as a Formicid Conjurer on Feb 17, 2024.
             Was an Initiate of Gozag.
             Mangled by an orc warrior
             ... wielding a +0 war axe
              (10 damage)
             ... on level 8 of the Dungeon.
             The game lasted 00:24:07 (8728 turns).

DildoBatman the Reanimator (Formicid Conjurer)      Turns: 8728, Time: 00:24:07

HP:   -8/11 (77)    AC:  9    Str: 10 (12) XL:     10   Next: 48%
MP:   10/19         EV: 12    Int: 22      God:    Gozag
Gold: 412           SH:  0    Dex: 12      Spells: 16/21 levels left

rFire   + . .        n - +2 sling (flame)
rCold   . . .        (no shield)
rNeg    . . .        a - +2 leather armour {rF+}
rPois   +            (helmet unavailable)
rElec   .            y - +0 cloak
rCorr   .            A - +0 pair of gloves
SInv    +            e - +0 pair of boots
Will    +....        (no amulet)
Stlth   ++           j - +4 ring of slaying
HPRegen 0.21/turn    E - ring of poison resistance
MPRegen 0.16/turn

%: no passive effects
@: gold aura, extremely drained
A: permanent stasis, dig shafts and tunnels, antennae 3, four strong arms
a: Dig, Shaft Self, Renounce Religion, Potion Petition, Call Merchant, Bribe
Branch


You were on level 8 of the Dungeon.
You worshipped Gozag.
Gozag was aware of your devotion.
You visited 2 branches of the dungeon, and saw 9 of its levels.

You collected 573 gold pieces.
You paid 161 gold pieces to Gozag.

Inventory:

Hand Weapons
 b - a +2 dagger of venom
 d - a +3 falchion
 n - a +2 sling of flaming (weapon)
Missiles
 m - 2 throwing nets
 s - 18 poisoned darts
 x - 4 atropa-tipped darts (quivered)
Armour
 a - a +2 leather armour of fire resistance (worn)
 e - a +0 pair of boots (worn)
 y - a +0 cloak (worn)
 A - a +0 pair of gloves (worn)
Jewellery
 g - a ring of protection from fire
 j - a +4 ring of slaying (left hand)
 E - a ring of poison resistance (right hand)
Wands
 w - a wand of charming (7)
Scrolls
 c - 2 scrolls of enchant armour
 f - 4 scrolls of poison
 h - a scroll of immolation {unknown}
 p - a scroll of blinking {unknown}
 q - a scroll of fog {unknown}
 v - a scroll of silence {unknown}
 z - 2 scrolls of identify
 C - a scroll of noise {unknown}
Potions
 i - 5 potions of curing
 k - a potion of ambrosia {unknown}
 l - a potion of degeneration {unknown}
 o - a potion of resistance {unknown}
 r - 2 potions of heal wounds
 t - a potion of enlightenment
 u - a potion of magic
 B - 4 potions of might
 D - a potion of haste {unknown}
 F - a potion of attraction {unknown}
 G - a potion of berserk rage {unknown}


   Skills:
 * Level 6.5 Fighting
 * Level 6.5 Armour
 - Level 3.0 Dodging
 - Level 4.0 Stealth
 - Level 6.0 Spellcasting
 - Level 6.0 Conjurations
 - Level 8.0 Necromancy


You had 16 spell levels left.
You knew the following spells:

 Your Spells              Type           Power      Damage    Failure   Level
a - Searing Ray           Conj           66%        2d6       1%          2
b - Cigotuvi's Dreadful   Necr/Alch/Air  36%        N/A       6%          2
c - Magic Dart            Conj           100%       1d8       1%          1

Your spell library contained the following spells:

 Spells                   Type           Power      Damage    Failure   Level
 Kiss of Death            Conj/Necr      100%       2d13      1%          1
 Necrotise                Necr           100%       1d9       1%          1
 Fugue of the Fallen      Necr           41%        N/A       1%          3
 Sting                    Conj/Alch      76%        1d7       3%          1
 Hailstorm                Conj/Ice       19%        3d7       10%         3
 Freeze                   Ice            24%        1d4       12%         1
 Mercury Vapours          Alch/Air       12%        N/A       17%         2
 Fulminant Prism          Conj/Alch      9%         3d7       32%         4
 Iskenderun's Mystic Bla  Conj/Tloc      19%        2d6       32%         4
 Frozen Ramparts          Ice            12%        1d2       34%         3
 Summon Ice Beast         Ice/Summ       6%         N/A       34%         3
 Olgreb's Toxic Radiance  Alch           6%         N/A       75%         4
 Sculpt Simulacrum        Ice/Alch       3%         N/A       100%        6


Dungeon Overview and Level Annotations

Branches:
Dungeon (8/15)             Temple (1/1) D:6
   Lair: D:8-11

Altars:
Ashenzari
Dithmenos
Elyvilon
Fedhas
Gozag
Hepliaklqana
Kikubaaqudgha
Nemelex Xobeh
Okawaru
Qazlal
Ru
Sif Muna
Trog
Uskayaw
Vehumet
Wu Jian
Xom
Yredelemnul
The Shining One

Shops:
D:4 **   D:7 :


Innate Abilities, Weirdness & Mutations

You cannot be hasted, slowed, berserked, paralysed or teleported.
You can dig through walls and to a lower floor.
You have a pair of large antennae on your head. (SInv)
Your four strong arms can wield two-handed weapons with a shield.


Message History

Press: ? - help, Shift-Dir - straight line, p - orc The searing ray hits the orc warrior.
The orc warrior is lightly wounded. (Press . to maintain the ray.)
The searing ray hits the orc wizard!
The orc wizard is heavily wounded.
The searing ray hits the orc warrior!
The orc warrior is moderately wounded.
The searing ray hits the orc.
The orc is severely wounded.
The searing ray hits the orc warrior!
The orc warrior is severely wounded.
The searing ray hits the orc wizard!
You kill the orc wizard!
The searing ray hits the orc!
You kill the orc!
The searing ray misses the orc warrior.
You finish channelling your searing ray.
The orc warrior hits you with a +0 war axe.
Casting: Searing Ray (safe; 1% risk of failure)
Confirm with . or Enter, or press ? or * to list all spells.
Aiming: Searing Ray (safe; 1% risk of failure)
Press: ? - help, Shift-Dir - straight line The searing ray misses the orc warrior. (Press . to maintain the ray.)
The orc warrior hits you with a +0 war axe.
Ouch! That really hurt!
The searing ray hits the orc warrior!
The orc warrior is almost dead.
The orc warrior barely misses you.
The searing ray hits the orc warrior but does no damage.
The orc warrior is almost dead.
The orc warrior completely misses you.
The searing ray hits the orc warrior.
The orc warrior is almost dead.
You finish channelling your searing ray.
The orc warrior hits you with a +0 war axe!
Ouch! That really hurt!
You die...
Your body crumbles into a pile of gold.

...#.##.##~~##.##........#
##...##.##~~##.#####.#####
.##......##~~#.#####.#
..##..#.#.#~~~.......#
...##.#.####~..#######
....#.#.##.#~..#
....#.#.##.##..##
....'.#.........########
....#.####.###..@o$$...#
#.# #'###'###'###.#
#..#.......#..#.#
#..#.......#..#.#
.'..'###'###'..'.#
..#..#.'...'.#.o#.#
..#.#..#.#..o#.#..#.# . #
'##' #oo,#.'##'.# ## #{
,#o#..#.#


You could see an orc warrior.

Vanquished Creatures
  Pikel (D:7)
  Prince Ribbit (D:6)
  2 steam dragons (D:8)
  Menkaure (D:6)
  3 orc warriors
  2 black bears
  5 ice beasts
  An ogre (D:5)
  5 phantoms
  2 lemures (D:7)
  Blork the orc (D:6)
  A kobold brigand (D:8)
  A bullfrog (D:7)
  3 scorpions
  4 wights (D:8)
  2 howler monkeys (D:8)
  A centaur zombie (D:6)
  A bombardier beetle (D:4)
  A jelly (D:6)
  2 hounds
  A centaur skeleton (D:6)
  5 orc priests
  2 sleepcaps
  A bullfrog skeleton (D:6)
  7 orc wizards
  3 iguanas
  A killer bee zombie (D:6)
  A howler monkey skeleton (D:6)
  9 adders
  5 gnolls (D:6)
  An orc zombie (D:8)
  A white imp (D:6)
  2 ufetubi (D:5)
  4 dart slugs
  20 orcs
  5 ball pythons
  3 endoplasms
  9 goblins
  11 hobgoblins
  3 quokkas
  6 bats
  8 kobolds
  5 rats
153 creatures vanquished.

Vanquished Creatures (collateral kills)
  An orc wizard (D:7)
  An orc (D:7)
2 creatures vanquished.

Grand Total: 155 creatures vanquished

Notes
Turn   | Place    | Note
-------+----------+-------------------------------------------
     0 | D:1      | DildoBatman the Formicid Conjurer began the quest for the
                  | Orb.
     0 | D:1      | Reached XP level 1. HP: 13/13 MP: 3/3
   288 | D:1      | Reached XP level 2. HP: 20/20 MP: 1/5
   291 | D:1      | Learned a level 2 spell: Searing Ray
   825 | D:1      | Reached XP level 3. HP: 25/25 MP: 2/6
   863 | D:1      | Found a faded altar of an unknown god.
  1096 | D:2      | Reached skill level 1 in Armour
  1374 | D:2      | Reached skill level 1 in Fighting
  1726 | D:2      | Reached XP level 4. HP: 32/32 MP: 1/7
  2538 | D:4      | Found Nudol's General Store.
  2543 | D:4      | Found Asabroot's Specific Store.
  2695 | D:4      | Reached XP level 5. HP: 29/38 MP: 9/9
  2705 | D:4      | Noticed a phantom
  2885 | D:4      | Reached XP level 6. HP: 10/44 MP: 5/10
  3301 | D:4      | Found an iron altar of Okawaru.
  3302 | D:4      | Found an opulent altar of Gozag.
  3303 | D:4      | Found a hide-covered altar of Uskayaw.
  3633 | D:4      | Found a bloodstained altar of Trog.
  3746 | D:4      | Reached XP level 7. HP: 48/51 MP: 2/12
  4055 | D:5      | Entered Level 5 of the Dungeon
  4320 | D:5      | Reached skill level 5 in Conjurations
  4320 | D:5      | Reached XP level 8. HP: 60/60 MP: 7/14
  4675 | D:5      | Found a shimmering blue altar of Sif Muna.
  4969 | D:6      | Found a staircase to the Ecumenical Temple.
  4978 | Temple   | Entered the Ecumenical Temple
  5003 | Temple   | Became a worshipper of Kikubaaqudgha
  5047 | D:6      | Reached skill level 5 in Spellcasting
  5169 | D:6      | Noticed Blork the orc
  5204 | D:6      | Reached skill level 5 in Fighting
  5204 | D:6      | Reached skill level 5 in Armour
  5256 | D:6      | Reached XP level 9. HP: 68/68 MP: 10/17
  5350 | D:6      | Noticed Menkaure
  5363 | D:6      | Killed Menkaure
  5364 | D:6      | Reached skill level 2 in Necromancy
  5558 | D:6      | Reached skill level 3 in Necromancy
  5677 | D:6      | Found a radiant altar of Vehumet.
  5779 | D:6      | Noticed Prince Ribbit
  5788 | D:6      | Killed Prince Ribbit
  5789 | D:6      | Reached skill level 4 in Necromancy
  6048 | D:7      | Reached skill level 5 in Necromancy
  6139 | D:7      | Noticed Pikel
  6153 | D:7      | Killed Pikel
  6154 | D:7      | Reached skill level 6 in Necromancy
  6439 | D:7      | Found a sparkling altar of Nemelex Xobeh.
  6503 | D:7      | Found Musewil's Book Shop.
  6562 | D:7      | Reached skill level 7 in Necromancy
  6562 | D:7      | Reached XP level 10. HP: 74/74 MP: 14/19
  7125 | D:8      | Reached skill level 8 in Necromancy
  7305 | D:8      | Reached * piety under Kikubaaqudgha
  7305 | D:8      | Received a gift from Kikubaaqudgha
  7306 | D:8      | Fell from the grace of Kikubaaqudgha
  7405 | D:4      | Became a worshipper of Gozag Ym Sagoz the Greedy
  7734 | D:8      | Noticed a gargoyle
  8231 | D:6      | Learned a level 2 spell: Cigotuvi's Dreadful Rot
  8239 | D:6      | Killed Blork the orc
  8707 | D:8      | Found a broken altar of Ashenzari.
  8728 | D:8      | Mangled by an orc warrior

Illustrated notes

Levels and vault maps discovered:
D:1:      dpeg_arrival_castle, layout_loops_corners,
          hellmonk_ecumenical_altar_heavens_door, grunt_decor_junction
D:2:      layout_basic
D:3:      layout_loops_ring, nrook_campfire
D:4:      layout_layer_cave, trog_hazing_becter, gammafunk_temple_overflow_claw,
          minmay_misc_feat_tiny, nicolae_specific_store
D:5:      layout_cave_pools, led_sif_pool, nicolae_kite_square_tiling_tiny
D:6:      layout_loops_ring, nicolae_overflow_crystal_walls,
          minmay_temple_entry_statues_fountains, serial_undead, serial_undead_f,
          serial_undead_c, serial_undead_f, serial_undead_a, serial_undead_b,
          serial_undead_f, serial_library_hellmonk_big_corner, hex_medium,
          minmay_fractal_squares_diagonal_5, uniq_prince_ribbit1, uniq_menkaure,
          uniq_blork_the_orc
D:7:      layout_loops_ring, mainiacjoe_overflow_chevrons, serial_shops,
          nicolae_shop_back_alley_shop, serial_glass, glass_columns_a,
          glass_columns_b, item_on_display_a, due_unseen_surprise,
          minmay_strange_pillars, feat_on_display, uniq_pikel
D:8:      minmay_the_grid_octo_triangle [minmay_the_grid_octo_empty,
          minmay_the_grid_octo_prize_star, minmay_the_grid_octo_focus],
          layout_loops_corners, mainiacjoe_overflow_24_doors, serial_rivers,
          chequers_serial_rivers_micro_b, chequers_serial_rivers_room_a,
          chequers_serial_rivers_small_3, chequers_serial_rivers_large_b,
          chequers_serial_rivers_large_a, chequers_serial_rivers_micro_c
Temple:   nicolae_temple_bog_church

Skill      XL: |  1  2  3  4  5  6  7  8  9 10 |
---------------+-------------------------------+-----
Dodging        | 2 3 |  3.0
Armour         | 1 2 3 5 6 |  6.5
Fighting       | 1 2 3 5 6 |  6.5
Stealth        | 3 4 |  4.0
Conjurations   | 4 5 6 |  6.0
Spellcasting   | 3 4 5 6 |  6.0
Necromancy     | 7 8 |  8.0

Action                     |  1- 3 |  4- 6 |  7- 9 | 10-12 || total
---------------------------+-------+-------+-------+-------++-------
  Melee: Unarmed           |    11 |       |       |       ||    11
         Punch             |     1 |       |       |       ||     1
         Short sword       |     5 |       |       |       ||     5
         Mace              |       |    11 |    32 |       ||    43
         Dagger            |       |    75 |    24 |       ||    99
   Fire: Triple crossbow   |       |       |    14 |     2 ||    16
         Sling             |       |       |       |    35 ||    35
  Throw: Dart              |       |       |       |     8 ||     8
   Cast: Magic Dart        |    61 |    33 |    20 |     3 ||   117
         Searing Ray       |       |     6 |    41 |    34 ||    81
         Cigotuvi's Dreadf |       |       |       |     1 ||     1
 Invoke: Renounce Religion |       |       |       |     1 ||     1
Ability: Dig               |       |       |     1 |       ||     1
  Evoke: Wand              |       |       |     1 |     1 ||     2
    Use: Potion            |       |     1 |       |     1 ||     2
         Scroll            |       |       |     4 |     2 ||     6
   Stab: Sleeping          |     2 |     2 |     1 |       ||     5
 Armour: Robe              |     9 |    55 |    87 |    36 ||   187
         Leather armour    |       |       |       |     3 ||     3
  Dodge: Dodged            |    13 |    65 |    64 |    21 ||   163
